 Dungeon Crawl Stone Soup version 0.21-a0-417-g0adc95b (webtiles) character file.

2900 hazymike the Destroyer (level 9, 0/45 HPs)
             Began as a Gargoyle Air Elementalist on Nov 3, 2017.
             Slain by an unseen horror (2 damage)
             ... on level 8 of the Dungeon.
             The game lasted 02:05:43 (11337 turns).

hazymike the Destroyer (Gargoyle Air Elementalist) Turns: 11337, Time: 02:05:44

Health: 0/45       AC:  8    Str: 13    XL:     9   Next: 78%
Magic:  19/19      EV: 12    Int: 18    God:
Gold:   462        SH:  0    Dex: 10    Spells: 12/22 levels left

rFire    + + .     SeeInvis .   G - staff of conjuration
rCold    x . .     Gourm    .   (no shield)
rNeg     + . .     Faith    .   a - +0 robe
rPois    ∞         Spirit   .   (no helmet)
rElec    +         Reflect  .   (no cloak)
rCorr    .         Harm     .   (no gloves)
MR       .....                  (no boots)
Stlth    ++........             h - amulet of magic regeneration
HPRegen  0.15/turn              l - ring of protection from fire
MPRegen  0.41/turn              k - ring of fire

@: swift (expiring), quick
A: negative energy resistance 1, electricity resistance, unbreathing,
petrification resistance, rot immunity, AC +6
a: no special abilities


You were on level 8 of the Dungeon.
You were not hungry.

You visited 2 branches of the dungeon, and saw 9 of its levels.

You collected 462 gold pieces.

Inventory:

Hand Weapons
 d - a +0 whip
 z - a +0 hunting sling
 H - a +0 hand crossbow
 J - a +0 war axe of flaming
 L - a +2 whip of electrocution
Missiles
 e - 333 stones
 m - 85 arrows
 t - 26 bolts
 v - 29 poisoned needles
 I - 5 curare-tipped needles
 R - 17 sling bullets
 S - a throwing net (quivered)
Armour
 a - a +0 robe (worn)
 F - a +2 cloak
 O - a cursed +0 ring mail
 V - a +0 pair of gloves
Magical Staves
 G - an uncursed staff of conjuration (weapon)
Jewellery
 h - an amulet of magic regeneration (around neck)
 k - a ring of fire (right hand)
 l - a ring of protection from fire (left hand)
 C - an uncursed ring of fire
Wands
 j - a wand of random effects (24/48)
 o - a wand of polymorph (24/24)
 Y - a wand of enslavement (5/24)
Scrolls
 f - 2 scrolls of enchant weapon {unknown}
 g - a scroll of random uselessness {unknown}
 i - 2 scrolls of recharging
 n - a scroll of remove curse
 q - 7 scrolls of identify
 r - a scroll of magic mapping {unknown}
 u - 4 scrolls of fog
 w - 3 scrolls of amnesia {unknown}
 y - a scroll of fear
 N - 2 scrolls of teleportation {unknown}
 Q - a scroll of brand weapon {unknown}
 T - a scroll of vulnerability {unknown}
 W - a scroll of immolation {unknown}
Potions
 p - 6 potions of flight
 s - 2 potions of lignification {unknown}
 x - 2 potions of heal wounds {unknown}
 A - 6 potions of curing
 B - 4 potions of ambrosia {unknown}
 E - 2 potions of cancellation {unknown}
 M - 4 potions of agility
Books
 b - a book of Air

   Spells                             Type                      Level
   a - Shock                          Conjuration/Air              1
   b - Swiftness                      Charms/Air                   2
   c - Static Discharge               Conjuration/Air              3
   d - Airstrike                      Air                          4
   e - Lightning Bolt                 Conjuration/Air              5
 D - Ifau's Handbook of the Special Gods
   (You found it on level 4 of the Dungeon)

   Spells                             Type                      Level
   a - Apportation                    Translocation                1
   b - Portal Projectile              Hexes/Translocation          3
   c - Petrify                        Transmutation/Earth          4
   d - Disjunction                    Translocation                8
 U - a book of Misfortune

   Spells                             Type                      Level
   a - Confusing Touch                Hexes                        1
   b - Confuse                        Hexes                        3
   c - Gell's Gravitas                Translocation                3
   d - Petrify                        Transmutation/Earth          4
   e - Metabolic Englaciation         Hexes/Ice                    5
   f - Yara's Violent Unravelling     Hexes/Transmutation          5
Comestibles
 c - 7 bread rations
 K - 4 fruits
 P - 2 meat rations


   Skills:
 - Level 1.5 Dodging
 - Level 2.1 Stealth
 + Level 7.2 Spellcasting
 + Level 8.4 Conjurations
 + Level 6.8 Air Magic


You had 12 spell levels left.
You knew the following spells:

 Your Spells              Type           Power        Failure   Level  Hunger
a - Shock                 Conj/Air       ####         1%          1    None
b - Swiftness             Chrm/Air       ###.....     3%          2    None
c - Static Discharge      Conj/Air       ######..     1%          3    #......
d - Airstrike             Air            ####......   6%          4    ###....


Dungeon Overview and Level Annotations

Branches:
Dungeon (8/15)             Temple (1/1) D:4
   Lair: D:8-11

Altars:
Ashenzari
Cheibriados
Dithmenos
Elyvilon
Fedhas
Gozag
Hepliaklqana
Kikubaaqudgha
Makhleb
Okawaru
Qazlal
Ru
Sif Muna
Trog
Uskayaw
Wu Jian
Xom
Yredelemnul
Zin
The Shining One

Shops:
D:8 %

Annotations:
D:2 Natasha
D:3 Ijyb
D:4 Dowan, Duvessa


Innate Abilities, Weirdness & Mutations

You are resistant to torment.
Your stone body is resilient. (AC +6)
You are immune to poison.
You resist negative energy. (rN+)
You are resistant to electric shocks. (rElec)
You can survive without breathing.
You are immune to petrification.
You are immune to rotting.


Message History

You barely miss something. Something hits you but does no damage.
Something hits you. Something completely misses you.
Casting: Shock
Confirm with . or Enter, or press ? or * to list all spells.
You feel quick. Something hits you but does no damage. Something hits you.
Something hits you but does no damage. Something hits you.
Something hits you but does no damage. Something hits you but does no damage.
Something hits you but does no damage. Something hits you!
* * * LOW HITPOINT WARNING * * *
Something hits you!
* * * LOW HITPOINT WARNING * * *
Something barely misses you.
You start to feel a little slower.
Something hits you but does no damage. Something hits you.
You die...

######### #.......#
###.#####.# #####
#####...#####<####...#
#.......##.@.......#.#
######.###......##.####...#
.......# ###.#####.# ##.##
..)....#####.......# #.#
.###........######## #.#
##"#...####.# #.#
..##...####.#########
#.####
..#......##.##....[.#
#....#
..#......##.##......#
####.#


There were no monsters in sight!

Vanquished Creatures
  Pikel (D:5)
  3 hippogriffs
  A water moccasin (D:6)
  2 sky beasts
  2 ogres
  A bullfrog (D:7)
  A big kobold (D:8)
  A gnoll sergeant (D:8)
  4 scorpions
  3 howler monkeys
  3 crimson imps
  A bullfrog zombie (D:8)
  3 hounds
  2 jellies
  2 bullfrog skeletons
  A centaur skeleton (D:8)
  Crazy Yiuf (D:4)
  Terence (D:3)
  5 iguanas
  An orc wizard (D:6)
  7 worker ants
  A hound skeleton (D:6)
  A mummy (D:6)
  Robin (D:2)
  3 gnolls (D:8)
  6 adders
  An adder skeleton (D:4)
  2 worms
  2 dart slugs
  5 leopard geckos
  7 orcs
  7 giant cockroaches
  12 goblins
  8 hobgoblins
  8 jackals
  5 quokkas
  3 ball pythons
  7 bats
  3 frilled lizards
  A hobgoblin zombie (D:6)
  7 kobolds
  A kobold zombie (D:6)
  2 orc zombies (D:6)
  A quokka skeleton (D:5)
  6 rats
146 creatures vanquished.

Notes
Turn   | Place    | Note
-------+----------+-------------------------------------------
     0 | D:1      | hazymike the Gargoyle Air Elementalist began the quest for the Orb.
     0 | D:1      | Reached XP level 1. HP: 10/10 MP: 3/3
   591 | D:1      | Reached XP level 2. HP: 14/15 MP: 0/5
  1257 | D:1      | Reached XP level 3. HP: 19/19 MP: 3/6
  1265 | D:1      | Reached skill level 2 in Conjurations
  1733 | D:2      | Learned a level 2 spell: Swiftness
  2107 | D:2      | Noticed Robin
  2141 | D:2      | Reached XP level 4. HP: 24/24 MP: 6/8
  2607 | D:2      | Noticed Natasha
  3159 | D:3      | Noticed Ijyb
  3682 | D:3      | Reached XP level 5. HP: 28/28 MP: 3/9
  3860 | D:3      | Reached skill level 3 in Conjurations
  4548 | D:3      | Noticed Terence
  4951 | D:2      | Killed Robin
  5060 | D:4      | Found a sand-covered staircase.
  5060 | D:4      | Noticed a slave
  5060 | D:4      | Noticed a slave
  5061 | D:4      | Noticed Pikel
  5062 | D:4      | Noticed a slave
  5062 | D:4      | Noticed a slave
  5104 | D:3      | Killed Terence
  5143 | D:4      | Reached XP level 6. HP: 27/32 MP: 6/11
  5160 | D:4      | Learned a level 3 spell: Static Discharge
  5367 | D:4      | Identified Ifau's Handbook of the Special Gods
  5431 | D:4      | Noticed Duvessa
  5433 | D:4      | Noticed Dowan
  5485 | D:4      | Reached skill level 4 in Conjurations
  5706 | D:4      | Found a runed door.
  5830 | D:4      | Reached XP level 7. HP: 36/36 MP: 9/13
  6501 | D:4      | Found a staircase to the Ecumenical Temple.
  6510 | Temple   | Entered the Ecumenical Temple
  6811 | D:4      | Found a hazy altar of Hepliaklqana.
  6812 | D:4      | Found a shadowy altar of Dithmenos.
  6812 | D:4      | Found an opulent altar of Gozag.
  6815 | D:4      | Found a shattered altar of Ashenzari.
  6993 | D:4      | Noticed Crazy Yiuf
  6998 | D:4      | Killed Crazy Yiuf
  7212 | D:5      | Entered Level 5 of the Dungeon
  7237 | D:5      | Found a deep blue altar of Sif Muna.
  7282 | D:5      | Reached skill level 5 in Conjurations
  7283 | D:5      | Noticed a hippogriff
  7299 | D:5      | Learned a level 4 spell: Airstrike
  7397 | D:5      | Killed a hippogriff
  7479 | D:5      | Found a white marble altar of Elyvilon.
  7705 | D:6      | Reached XP level 8. HP: 36/41 MP: 10/15
  7717 | D:6      | Reached skill level 5 in Spellcasting
  7882 | D:6      | Reached skill level 5 in Air Magic
  8279 | D:6      | Reached skill level 6 in Conjurations
  8543 | D:5      | Killed Pikel
  8922 | D:7      | Reached skill level 7 in Conjurations
  8922 | D:7      | Reached XP level 9. HP: 45/45 MP: 10/18
 10398 | D:8      | Reached skill level 8 in Conjurations
 10616 | D:8      | Found Reitt's Food Shoppe.
 10917 | D:8      | Noticed a two-headed ogre
 11333 | D:8      | HP: 2/45 [something (8)]
 11337 | D:8      | Slain by an unseen horror

Vault maps used:
D:1:      minmay_arrival_stone_box, serial_glass, glass_columns_a,
          glass_columns_c, glass_columns_a, glass_columns_b, glass_columns_a,
          glass_columns_a, minmay_tetromino_o4
D:2:      uniq_robin, uniq_natasha
D:3:      first_bread, interstate_on_off, uniq_terence, uniq_ijyb
D:4:      minitemple, temple_statues, nicolae_ossuary_entry_ruins, minmay_bent,
          uniq_duvessa, uniq_pikel, uniq_crazy_yiuf_cottage
D:5:      kennysheep_mini_moat, lemuel_crystal_altar
D:6:      minmay_mini_ossuary
D:7:      grunt_ogre_cave
D:8:      serial_shops, nicolae_shop_stone, minmay_pinched_square
Temple:   jpeg_temple_clearing

Skill      XL: |  1  2  3  4  5  6  7  8  9 |
---------------+----------------------------+-----
Conjurations   | 2 3 4 5 7 8 |  8.4
Air Magic      | 3 4 5 6 |  6.8
Spellcasting   | 3 4 6 7 |  7.2
Dodging        | |  1.5
Stealth        | |  2.1

Action                   |  1- 3 |  4- 6 |  7- 9 || total
-------------------------+-------+-------+-------++-------
Melee: Whip              |    63 |       |       ||    63
       Staff             |       |       |     2 ||     2
 Fire: Hunting sling     |       |     9 |    24 ||    33
Throw: Stone             |     5 |       |       ||     5
       Throwing net      |       |       |     3 ||     3
 Cast: Shock             |    58 |   195 |   254 ||   507
       Swiftness         |       |     1 |    10 ||    11
       Airstrike         |       |       |    15 ||    15
  Use: Scroll            |       |     3 |     4 ||     7
       Potion            |       |       |     1 ||     1
 Stab: Sleeping          |     1 |       |       ||     1
  Eat: Chunk             |     4 |     7 |     9 ||    20
       Meat ration       |       |     1 |     1 ||     2
       Bread ration      |       |       |     1 ||     1
Armor: Robe              |    31 |    24 |    44 ||    99
Dodge: Dodged            |    49 |    54 |    63 ||   166

Table legend:
 A = Spawn XP
 B = Non-spawn XP
 C = Spawn XP percentage of total XP
 D = Spawn monster count
 E = Non-spawn monster count
 F = Spawn count percentage of total count
 G = Total turns spent on level
                    A         B        C        D         E        F      G
               +---------+---------+-------+---------+---------+-------+---------
         Total |       0 |    4144 |   0.0 |       0 |     146 |   0.0 | 11337
               +---------+---------+-------+---------+---------+-------+---------
           D:1 |       0 |      46 |   0.0 |       0 |      24 |   0.0 |  1902
           D:2 |       0 |      89 |   0.0 |       0 |      21 |   0.0 |  1264
           D:3 |       0 |     135 |   0.0 |       0 |      22 |   0.0 |  2350
           D:4 |       0 |     621 |   0.0 |       0 |      19 |   0.0 |  1603
           D:5 |       0 |     914 |   0.0 |       0 |       8 |   0.0 |   759
           D:6 |       0 |     392 |   0.0 |       0 |      17 |   0.0 |  1081
           D:7 |       0 |     804 |   0.0 |       0 |      10 |   0.0 |  1247
           D:8 |       0 |    1143 |   0.0 |       0 |      25 |   0.0 |  1020
               +---------+---------+-------+---------+---------+-------+---------
